 Dungeon Crawl Stone Soup version 0.29.1-1-gd02db6906a (webtiles) character file.

Game seed: 5587140064330485664

95 quakins the Magician (level 4, -3/33 HPs)
             Began as a Draconian Conjurer on Oct 13, 2022.
             Splashed by a jelly's acid (8 damage)
             ... on level 4 of the Dungeon.
             The game lasted 00:04:01 (3015 turns).

quakins the Magician (Draconian Conjurer)           Turns: 3015, Time: 00:04:01

Health: -3/33      AC: -3    Str:  9    XL:     4   Next: 39%
Magic:  0/10       EV: 12    Int: 21    God:
Gold:   120        SH:  0    Dex:  9    Spells: 8/11 levels left

rFire   . . .      SeeInvis .   b - +1 dagger
rCold   . . .      Faith    .   (no shield)
rNeg    . . .      Spirit   +   (body armour unavailable)
rPois   .          Reflect  .   (helmet restricted)
rElec   .          Harm     .   (no cloak)
rCorr   .          Rampage  .   (no gloves)
Will    .....                   (no boots)
Stlth   ++........              i - amulet of guardian spirit
HPRegen 0.11/turn               (no ring)
MPRegen 0.12/turn               (no ring)

@: corroded
A: AC +5, unfitting armour, cold-blooded
a: no special abilities


You were on level 4 of the Dungeon.
You visited 1 branch of the dungeon, and saw 4 of its levels.

You collected 120 gold pieces.

Inventory:

Hand Weapons
 b - a +1 dagger (weapon)
Magical Staves
 h - a staff of fire
Jewellery
 i - an amulet of guardian spirit (around neck)
Scrolls
 e - 3 scrolls of teleportation {unknown}
 f - 2 scrolls of enchant weapon
 j - 3 scrolls of identify {unknown}
 n - a scroll of poison {unknown}
 o - a scroll of blinking {unknown}
 p - a scroll of amnesia {unknown}
Potions
 a - 2 potions of magic
 c - a potion of brilliance {unknown}
 d - 2 potions of attraction {unknown}
 g - 3 potions of curing {unknown}
 k - a potion of invisibility {unknown}
 l - 2 potions of ambrosia {unknown}
 m - 2 potions of berserk rage {unknown}
 q - a potion of flight {unknown}


   Skills:
 - Level 1.7 Dodging
 - Level 1.7 Stealth
 + Level 4.4 Spellcasting
 - Level 4.0 Conjurations


You had 8 spell levels left.
You knew the following spells:

 Your Spells              Type           Power      Damage    Failure   Level
a - Magic Dart            Conj           84%        1d7       2%          1
b - Searing Ray           Conj           42%        2d6       3%          2

Your spell library contained the following spells:

 Spells                   Type           Power      Damage    Failure   Level
 Conjure Flame            Conj/Fire      13%        6-21      16%         3
 Dazzling Flash           Conj/Hex       26%        N/A       16%         3
 Blink                    Tloc           8%         N/A       17%         2
 Call Canine Familiar     Summ           4%         N/A       34%         3
 Ignite Poison            Fire/Tmut/Pois 4%         N/A       34%         3
 Lesser Beckoning         Tloc           4%         N/A       34%         3
 Portal Projectile        Hex/Tloc       8%         N/A       34%         3
 Fulminant Prism          Conj/Hex       6%         3d7       45%         4
 Iskenderun's Mystic Bla  Conj/Tloc      13%        2d5       45%         4
 Sticky Flame             Conj/Fire      13%        2d4       45%         4
 Leda's Liquefaction      Hex/Erth       2%         N/A       75%         4
 Manifold Assault         Tloc           4%         N/A       97%         5


Dungeon Overview and Level Annotations

Branches:
Dungeon (4/15)
 Temple: D:4-7

Altars:
Zin

Shops:
D:2 [(


Innate Abilities, Weirdness & Mutations

Your plain brown scales are hard. (AC +5)
You cannot fit into any form of body armour.
You are cold-blooded and may be slowed by cold attacks.


Message History

Press: ? - help, Q - select action, (/) - cycle Shift-Dir - straight line, f - jelly
Aim: a jelly (100% to hit)
The magic dart hits the jelly.
The jelly is lightly wounded.
The jelly closely misses you.
Casting: Magic Dart (safe; 2% risk of failure)
Confirm with . or Enter, or press ? or * to list all spells.
You don't have enough magic to cast this spell.
Aiming: Magic Dart (safe; 2% risk of failure)
Press: ? - help, Q - select action, (/) - cycle Shift-Dir - straight line, f/p - jelly
Aim: a jelly (lightly wounded, 100% to hit)
The magic dart hits the jelly.
The jelly is heavily wounded.
The jelly hits you but does no damage.
You hit the jelly. The acid corrodes you!
Your hands burn!
You tail-slap the jelly, but do no damage.
The jelly is heavily wounded.
The jelly completely misses you.
You hit the jelly but do no damage.
Your hands burn!
You tail-slap the jelly, but do no damage.
The jelly is heavily wounded.
The jelly closely misses you.
You hit the jelly.
Your hands burn!
The jelly is severely wounded.
The jelly misses you.
You hit the jelly but do no damage.
Your hands burn!
You tail-slap the jelly, but do no damage.
The jelly is severely wounded.
The jelly barely misses you.
You hit the jelly but do no damage.
Your hands burn!
The jelly is heavily wounded.
The jelly barely misses you.
You hit the jelly but do no damage.
Your hands burn!
* * * LOW HITPOINT WARNING * * *
You tail-slap the jelly, but do no damage.
The jelly is heavily wounded.
The jelly hits you.
* * * LOW HITPOINT WARNING * * *
The acid corrodes you!
You are splashed with acid!
You die...

### .. #.
##..##.###
......J@<#
.........#
.........#
.........#
##########


You could see a jelly.

Vanquished Creatures
  An iguana (D:4)
  An adder (D:3)
  2 dart slugs (D:1)
  6 orcs (D:4)
  5 ball pythons
  4 bats
  2 endoplasms
  2 giant cockroaches
  3 hobgoblins
  3 jackals (D:2)
  4 kobolds
  A quokka (D:1)
  3 frilled lizards
  4 goblins
  7 rats
48 creatures vanquished.

Notes
Turn   | Place    | Note
-------+----------+-------------------------------------------
     0 | D:1      | quakins the Draconian Conjurer began the quest for the Orb.
     0 | D:1      | Reached XP level 1. HP: 14/14 MP: 3/3
    33 | D:1      | Found a faded altar of an unknown god.
   328 | D:1      | Reached XP level 2. HP: 20/20 MP: 3/5
  1261 | D:2      | Reached XP level 3. HP: 26/26 MP: 5/7
  1601 | D:2      | Found Noalis's Weapon Shoppe.
  1623 | D:2      | Found Qony's Antique Armour Emporium.
  2201 | D:3      | Found a glowing silver altar of Zin.
  2861 | D:3      | Learned a level 2 spell: Searing Ray
  2971 | D:4      | Reached XP level 4. HP: 33/33 MP: 3/10
  2974 | D:4      | Noticed a scorpion
  3015 | D:4      | Splashed by a jelly's acid

Illustrated notes

Levels and vault maps discovered:
D:1:      dpeg_arrival_lava_temple_mockup, layout_loops_cross,
          ebering_ecumenical_altar_hall, st_stairs_6,
          chequers_serial_rivers_micro_c
D:2:      layout_basic, serial_shops, nicolae_shop_bloodbath_and_beyond,
          nicolae_shop_behind_doors
D:3:      layout_loops_ring, lemuel_round_altar
D:4:      layout_rooms, grunt_temple_overflow_champion_of_chaos,
          fiery_altar_vehumet, portal_sewer_entry_c,
          gammafunk_ghost_nasty_kobolds

Skill      XL: |  1  2  3 |
---------------+----------+-----
Spellcasting   | 3 4 |  4.4
Dodging        | |  1.7
Stealth        | |  1.7
Conjurations   | |  4.0

Action                   |  1- 3 |  4- 6 || total
-------------------------+-------+-------++-------
Melee: Dagger            |    12 |     6 ||    18
       Tailslap          |       |     4 ||     4
 Cast: Magic Dart        |    81 |     4 ||    85
       Searing Ray       |     2 |       ||     2
  Use: Scroll            |     1 |       ||     1
Armor: Skin              |     8 |     1 ||     9
Dodge: Dodged            |    29 |     6 ||    35
